 Dungeon Crawl Stone Soup version 0.27-a0-1548-gf8a67e7463 (webtiles) character file.

Game seed: 5901421304862163156

0 Colgate the Skirmisher (level 1, -5/22 HPs)
             Began as a Troll Abyssal Knight on July 14, 2021.
             Was a Follower of Lugonu.
             Killed from afar by a starcursed mass (7 damage)
             ... with an accursed screaming
             ... on level 1 of the Abyss.
             The game lasted 00:03:13 (190 turns).

Colgate the Skirmisher (Troll Abyssal Knight)        Turns: 190, Time: 00:03:14

Health: -5/22      AC:  4    Str: 19      XL:     1   Next: 0%
Magic:  1/1        EV:  9    Int:  5 (8)  God:    Lugonu [*.....]
Gold:   4          SH:  0    Dex:  7      Spells: 0/0 levels left

rFire    . . .     SeeInvis .     - Unarmed
rCold    . . .     Faith    .   (no shield)
rNeg     . . .     Spirit   .   a - +0 robe
rPois    .         Reflect  .   (helmet restricted)
rElec    .         Harm     .   (no cloak)
rCorr    .         Rampage  .   (gloves unavailable)
Will     .....                  (boots unavailable)
Stlth    +.........             (no amulet)
HPRegen  1.07/turn              (no ring)
MPRegen  0.07/turn              (no ring)

@: unable to read
A: large, unfitting armour, claws 3, regeneration 1, shaggy fur 1, tough skin 1,
clumsy 1, inability to read while threatened
a: Renounce Religion, Depart the Abyss


You were on level 1 of the Abyss.
You worshipped Lugonu.
Lugonu was aware of your devotion.
You visited 0 branches of the dungeon, and saw 0 of its levels.
You visited the Abyss 1 time.

You collected 4 gold pieces.

Inventory:

Armour
 a - a +0 robe (worn)
Scrolls
 b - a scroll of immolation {unknown}
 c - a scroll of torment {unknown}


   Skills:
 - Level 2.4 Fighting
 - Level 1.9 Dodging
 + Level 2.0 Unarmed Combat
 - Level 1.5 Invocations


You couldn't memorise any spells.
You didn't know any spells.
Your spell library was empty.

Dungeon Overview and Level Annotations

Branches:
Dungeon (0/15)

Altars:


Innate Abilities, Weirdness & Mutations

You are too large for most types of armour.
You have claws for hands.
Your natural rate of healing is unusually fast.
You are covered in fur. (AC +1)
You have tough skin. (AC +1)
You are clumsy. (Dex -2)
You sometimes lose the ability to read scrolls when taking damage.


Message History

A tentacled starspawn comes into view.
Found a shadowy altar of Dithmenos.
Tentacles burst from the starspawn's body! 2 starspawn tentacles come into view.
Tentacles burst from the starspawn's body! 2 starspawn tentacles come into view.
The starspawn tentacle barely misses you.
The starspawn tentacle grabs you. The starspawn tentacle constricts you.
The starspawn tentacle's grasp on you weakens, but your attempt to escape fails.
The neqoxec gestures at you.
Strange energies course through your body.
You lose the ability to read scrolls when threatened.
The starspawn tentacle constricts you. Something loses its grip on you.
A small abomination comes into view.
Tentacles burst from the starspawn's body! 2 starspawn tentacles come into view.
A starcursed mass comes into view.
A starcursed mass splits.
A starcursed mass splits.
The neqoxec gestures at you.
You feel dopey. Something feeds on your intellect!
A chorus of shrieks assaults your mind.
A starcursed mass splits.
A chorus of shrieks assaults your mind.
You feel threatened and lose the ability to read scrolls!
You can read scrolls again.
A starcursed mass splits.
A starcursed mass splits.
A chorus of shrieks assaults your mind.
You feel threatened and lose the ability to read scrolls!
* * * LOW HITPOINT WARNING * * *
A starcursed mass splits. x2
A chorus of shrieks assaults your mind.
* * * LOW HITPOINT WARNING * * *
A starcursed mass splits.
A chorus of shrieks assaults your mind.
* * * LOW HITPOINT WARNING * * *
A chorus of shrieks assaults your mind.
You die...

♣♣♣#♣♣♣♣♣#♣
♣♣♣♣♣♣.........♣♣♣
♣♣♣♣..X......♣.......
♣#. ..XXX......@.......
♣....Xx################
#.......... ##.. #..
#.#.##. .... #X..#..
.##..# #...###.#. #
#...# #.3#.# ##... ##
## #..#. ##....#


You could see 2 starcursed masses.

Vanquished Creatures (others)
  7 starspawn tentacles (Abyss:1)
7 creatures vanquished.

Notes
Turn   | Place    | Note
-------+----------+-------------------------------------------
     0 | Abyss:1  | Colgate the Troll Abyssal Knight began the quest for the
                  | Orb.
     0 | Abyss:1  | Reached XP level 1. HP: 22/22 MP: 1/1
    24 | Abyss:1  | Found a corrupted altar of Lugonu.
    59 | Abyss:1  | Noticed a will-o-the-wisp
   110 | Abyss:1  | Noticed a large abomination
   117 | Abyss:1  | Noticed a neqoxec
   118 | Abyss:1  | Gained mutation: You are clumsy. (Dex -2) [a neqoxec]
   131 | Abyss:1  | Noticed a tentacled starspawn
   147 | Abyss:1  | Noticed a tentacled starspawn
   148 | Abyss:1  | Found a shadowy altar of Dithmenos.
   153 | Abyss:1  | Gained mutation: You sometimes lose the ability to read
                  | scrolls when taking damage. [a neqoxec]
   163 | Abyss:1  | Noticed a small abomination
   179 | Abyss:1  | Noticed a starcursed mass
   189 | Abyss:1  | HP: 1/22 [starcursed mass/accursed screaming (4)]
   190 | Abyss:1  | Killed from afar by a starcursed mass

Illustrated notes

Levels and vault maps discovered:
Abyss:1:  base: Temple, base: Temple, hangedman_abyss_monster_moat,
          hangedman_abyss_mock_shop

Action                   || total
-------------------------++-------
Dodge: Dodged            ||     1

Table legend: (Time is in decaauts)
 A = Elapsed time spent in this place.
 B = Non-inter-level travel time spent in this place.
 C = Inter-level travel time spent in this place.
 D = Time resting spent in this place.
 E = Time spent auto-exploring this place.
 F = Levels seen in this place.
 G = Mean time per level.
                   A        B        C        D        E       F      G
               +--------+--------+--------+--------+--------+-----+--------+
         Total |    190 |    190 |      0 |      0 |     69 |   1 |  190.0 |
         Abyss |    190 |    190 |      0 |      0 |     69 |   1 |  190.0 |
               +--------+--------+--------+--------+--------+-----+--------+

Top non-repeatable levels by time:
 Abyss:1: 190 daAuts
